 Dungeon Sprint DCSS version 0.30-a0-883-g5ad918d77d (webtiles) character file.

Game seed: 8878619051208934735

3779 testman the Grappler (level 9, -7/107 HPs)
             Began as a Troll Berserker on Mar 16, 2023.
             Was a High Priest of Trog.
             Mangled by an unseen horror (11 damage)
             ... in the Dungeon (Sprint I: "Red Sonja").
             The game lasted 00:05:23 (580 turns).

testman the Grappler (Troll Berserker)               Turns: 580, Time: 00:05:23

Health: -7/107     AC: -4    Str: 31    XL:     9   Next: 95%
Magic:  8/8        EV: 10    Int:  3    God:    Trog [*****.]
Gold:   941        SH:  9    Dex:  9    Spells: 8/8 levels left

rFire   . . .      SeeInvis .      - Unarmed
rCold   . . .      Faith    .    j - +0 kite shield
rNeg    . . .      Spirit   .    a - +0 animal skin
rPois   .          Reflect  .    (helmet restricted)
rElec   .          Rampage  .    (no cloak)
rCorr   .          NoTele   +    (gloves unavailable)
Will    ++...                    (boots unavailable)
Stlth   +                        (no amulet)
HPRegen 2.17/turn                (no ring)
MPRegen 0.11/turn                (no ring)

@: strong-willed, corroded, regenerating
A: large, unfitting armour, claws 3, regeneration 1, shaggy fur 1, tough skin 1
a: Renounce Religion, Berserk, Trog's Hand, Brothers in Arms


You were in the Dungeon.
You worshipped Trog.
Trog was extremely pleased with you.
You visited 1 branch You collected 941 gold pieces.

Inventory:

Armour
 a - a +0 animal skin (worn)
 j - a +0 kite shield (worn)
Wands
 h - a wand of mindburst (5)
Scrolls
 g - a scroll of blinking
 l - a scroll of enchant armour {unknown}
Potions
 b - 2 potions of curing
 d - a potion of haste
 e - 2 potions of magic
 f - a potion of berserk rage
 i - a potion of flight {unknown}
 k - a potion of brilliance {unknown}
 m - a potion of ambrosia {unknown}


   Skills:
 + Level 12.3 Fighting
 + Level 7.2 Dodging
 + Level 8.0 Shields
 + Level 14.4 Unarmed Combat


You had 8 spell levels left.
You didn't know any spells.
Your spell library was empty.

Dungeon Overview and Level Annotations

Branches:
Dungeon (1/1)

Altars:
Cheibriados
Dithmenos
Elyvilon
Fedhas
Gozag
Hepliaklqana
Kikubaaqudgha
Nemelex Xobeh
Okawaru
Qazlal
Ru
Sif Muna
Trog
Uskayaw
Vehumet
Wu Jian
Yredelemnul
Zin
The Shining One

Shops:
D ?([


Innate Abilities, Weirdness & Mutations

You are too large for most types of armour.
You have claws for hands.
Your natural rate of healing is unusually fast.
You are covered in fur. (AC +1)
You have tough skin. (AC +1)


Message History

You scratch the jelly but do no damage. The acid corrodes you!
Your claws burn!
The jelly is almost dead.
The jelly barely misses you.
You claw the jelly!
You kill the jelly!
Trog accepts your kill.
The jelly quivers.
A necrophage comes into view.
Found a potion of heal wounds. 2 necrophages come into view.
Found a runed long sword and a blue potion.
The jelly hits you. The acid corrodes you!
You are splashed with acid!
You mangle the jelly!!
You kill the jelly!
Trog accepts your kill. Something hits you!
Deactivating autopickup; reactivate with Ctrl-A.
Something hits you! Something hits you! x2
Something hits you! Something hits you. Something hits you. Something hits you!
Something hits you!
There is an open door, spattered with blood here.
You claw something! Something hits you!
* * * LOW HITPOINT WARNING * * *
You claw something! Something hits you!
* * * LOW HITPOINT WARNING * * *
Your skin crawls.
You feel strong-willed. Something hits you.
* * * LOW HITPOINT WARNING * * *
Something hits you.
* * * LOW HITPOINT WARNING * * *
You feel better. Something hits you!
* * * LOW HITPOINT WARNING * * *
You scratch something. Something hits you!
* * * LOW HITPOINT WARNING * * *
You closely miss something. You block something's attack.
You claw something! Something hits you!
You die...

_###'#|#.[§.###.'.#
####.####'###.###.#
..'...'.....'.∩##†#
###...###########.#
###.###. #.#
#.#'#.#.. +.#
#.....#++.######§#
#.....#.....nn{#§#
#######....§§§#@§#
)!...n.§.~####
!.....§.~~#
......~~~##
#..~~~~### +######


You could see 2 necrophages.

Vanquished Creatures
  2 centaur warriors (D)
  Sonja (D)
  A deep troll (D)
  An oklob plant (D)
  A hornet (D)
  Sigmund (D)
  A yak (D)
  2 redbacks (D)
  A floating eye (D)
  An ogre (D)
  8 jellies (D)
  Ijyb (D)
21 creatures vanquished.

Vanquished Creatures (others)
  2 ballistomycete spores (D)
2 creatures vanquished.

Grand Total: 23 creatures vanquished

Notes
Turn   | Place    | Note
-------+----------+-------------------------------------------
     0 | D        | testman the Troll Berserker began the quest for the Orb.
     0 | D        | Reached XP level 1. HP: 22/22 MP: 0/0
     1 | D        | Noticed Ijyb
     9 | D        | Killed Ijyb
    10 | D        | Reached skill level 5 in Unarmed Combat
    10 | D        | Reached XP level 2. HP: 11/32 MP: 1/1
    65 | D        | Noticed an ogre
    68 | D        | Killed an ogre
    69 | D        | Reached skill level 7 in Unarmed Combat
    69 | D        | Reached XP level 3. HP: 44/44 MP: 2/2
    69 | D        | Reached XP level 4. HP: 52/52 MP: 3/3
   123 | D        | Noticed Sigmund
   129 | D        | Killed Sigmund
   129 | D        | Reached ** piety under Trog
   130 | D        | Reached skill level 9 in Unarmed Combat
   130 | D        | Reached XP level 5. HP: 56/63 MP: 4/4
   130 | D        | Reached XP level 6. HP: 64/72 MP: 5/5
   147 | D        | Found an ornate altar of the Wu Jian Council.
   147 | D        | Found a shimmering blue altar of Sif Muna.
   149 | D        | Found a radiant altar of Vehumet.
   177 | D        | Found Morrineu's Weapon Emporium.
   177 | D        | Found an ancient bone altar of Kikubaaqudgha.
   177 | D        | Found a hazy altar of Hepliaklqana.
   177 | D        | Found a stormy altar of Qazlal.
   177 | D        | Found a hide-covered altar of Uskayaw.
   177 | D        | Found a blossoming altar of Fedhas.
   177 | D        | Found a bloodstained altar of Trog.
   177 | D        | Found an iron altar of Okawaru.
   177 | D        | Found a basalt altar of Yredelemnul.
   177 | D        | Found a glowing golden altar of the Shining One.
   177 | D        | Found a snail-covered altar of Cheibriados.
   177 | D        | Found a sacrificial altar of Ru.
   177 | D        | Found a glowing silver altar of Zin.
   177 | D        | Found a shadowy altar of Dithmenos.
   177 | D        | Found a white marble altar of Elyvilon.
   177 | D        | Noticed a yak
   184 | D        | Killed a yak
   185 | D        | Reached skill level 10 in Unarmed Combat
   185 | D        | Found an opulent altar of Gozag.
   186 | D        | Found a sparkling altar of Nemelex Xobeh.
   232 | D        | Noticed Sonja
   238 | D        | Killed Sonja
   238 | D        | Reached *** piety under Trog
   239 | D        | Reached skill level 11 in Unarmed Combat
   239 | D        | Reached XP level 7. HP: 84/84 MP: 6/6
   290 | D        | Noticed a deep troll
   297 | D        | Killed a deep troll
   298 | D        | Reached skill level 10 in Fighting
   298 | D        | Reached skill level 12 in Unarmed Combat
   298 | D        | Reached XP level 8. HP: 58/96 MP: 7/7
   327 | D        | Found Ogaog's Magic Scroll Boutique.
   353 | D        | Found Vophotz's Armour Emporium.
   367 | D        | Noticed a centaur warrior
   367 | D        | Noticed a centaur warrior
   373 | D        | Killed a centaur warrior
   374 | D        | Reached skill level 5 in Shields
   374 | D        | Reached skill level 13 in Unarmed Combat
   374 | D        | Reached XP level 9. HP: 105/105 MP: 8/8
   381 | D        | Paralysed by a hornet for 3 turns
   389 | D        | Killed a centaur warrior
   390 | D        | Reached skill level 14 in Unarmed Combat
   442 | D        | Noticed an oklob plant
   447 | D        | Killed an oklob plant
   447 | D        | Reached **** piety under Trog
   558 | D        | Reached ***** piety under Trog
   578 | D        | HP: 1/107 [something (11)]
   580 | D        | Mangled by an unseen horror

Illustrated notes

Levels and vault maps discovered:
D:        dungeon_sprint_1 [red_sonja_temple_1, red_sonja_temple_small_1]

Skill      XL: |  1  2  3  4  5  6  7  8  9 |
---------------+----------------------------+-----
Fighting       | 4 6 7 9 10 11 12 | 12.3
Unarmed Combat | 5 7 9 11 12 13 14 | 14.4
Dodging        | 6 7 |  7.2
Shields        | 3 5 8 |  8.0

Action                     |  1- 3 |  4- 6 |  7- 9 || total
---------------------------+-------+-------+-------++-------
  Melee: Unarmed           |     8 |    15 |    36 ||    59
 Invoke: Berserk           |     2 |     2 |     3 ||     7
         Trog's Hand       |       |     1 |     2 ||     3
    Use: Potion            |       |       |     2 ||     2
 Armour: Animal skin       |       |       |     5 ||     5
  Dodge: Dodged            |     2 |     2 |     9 ||    13
  Block: Kite shield       |       |       |    15 ||    15

Table legend: (Time is in decaauts)
 A = Elapsed time spent in this place.
 B = Non-inter-level travel time spent in this place.
 C = Inter-level travel time spent in this place.
 D = Time resting spent in this place.
 E = Time spent auto-exploring this place.
 F = Levels seen in this place.
 G = Mean time per level.
                   A        B        C        D        E       F      G
               +--------+--------+--------+--------+--------+-----+--------+
         Total |    649 |    611 |     38 |    317 |      0 |   1 |  649.0 |
       Dungeon |    649 |    611 |     38 |    317 |      0 |   1 |  649.0 |
               +--------+--------+--------+--------+--------+-----+--------+

Top non-repeatable levels by time:
       D: 649 daAuts
